 Dungeon Crawl Stone Soup version 0.30-a0-1085-g990a428a5c (webtiles) character file.

Game seed: 17795092473051000306

140 NateTC the Trooper (level 5, 0/35 HPs)
             Began as a Gargoyle Berserker on Apr 16, 2023.
             Was a Believer of Trog.
             Slain by a gnoll
             ... wielding a +0 spear
              (2 damage)
             ... on level 3 of the Dungeon.
             The game lasted 00:02:04 (2264 turns).

NateTC the Trooper (Gargoyle Berserker)             Turns: 2264, Time: 00:02:05

Health: 0/35       AC: 12    Str: 23    XL:     5   Next: 22%
Magic:  5/5        EV: 10    Int:  7    God:    Trog [**....]
Gold:   134        SH:  0    Dex:  9    Spells: 4/4 levels left

rFire   . . .      SeeInvis .    a - +0 flail
rCold   . . .      Faith    .    (no shield)
rNeg    + . .      Spirit   .    i - +1 scale mail
rPois   ∞          Reflect  .    (no helmet)
rElec   +          Rampage  .    b - +0 cloak
rCorr   .                        (no gloves)
Will    .....                    (no boots) Stlth
                                 (no amulet)
HPRegen 0.25/turn                (no ring)
MPRegen 0.09/turn                (no ring)

@: no status effects
A: sickness immunity, AC +4, negative energy resistance 1, electricity
resistance, torment resistance 1, petrification resistance
a: Renounce Religion, Berserk, Trog's Hand


You were on level 3 of the Dungeon.
You worshipped Trog.
Trog was pleased with you.
You visited 1 branch of the dungeon, and saw 3 of its levels.

You collected 134 gold pieces.

Inventory:

Hand Weapons
 a - a +0 flail (weapon)
Armour
 b - a +0 cloak (worn)
 i - a +1 scale mail (worn)
Scrolls
 c - a scroll of teleportation
 e - 3 scrolls of identify {unknown}
 f - a scroll of blinking
Potions
 d - a potion of might {unknown}
 g - a potion of curing {unknown}
 h - a potion of flight {unknown}


   Skills:
 * Level 5.5 Fighting
 - Level 3.0 Maces & Flails
 - Level 2.1 Armour
 + Level 2.7 Dodging


You had 4 spell levels left.
You didn't know any spells.
Your spell library was empty.

Dungeon Overview and Level Annotations

Branches:
Dungeon (3/15) Zot: 15674

Altars:
The Shining One


Innate Abilities, Weirdness & Mutations

You are immune to sickness and miasma.
Your stone body is resilient. (AC +4)
You are immune to poison.
You resist negative energy. (rN+)
You are resistant to electric shocks. (rElec)
You are resistant to unholy torment.
You are immune to petrification.


Message History

There are monsters nearby!
The gnoll hits you but does no damage. The gnoll hits you with a +0 spear.
You sock the gnoll!
The gnoll is heavily wounded.
The gnoll barely misses you. x2
There are monsters nearby!
You barely miss the gnoll.
The gnoll is heavily wounded.
The gnoll barely misses you. The gnoll hits you with a +0 spear.
The gnoll hits you with a +0 club. The gnoll hits you but does no damage.
The gnoll barely misses you. The gnoll hits you with a +0 spear.
There are monsters nearby!
You closely miss the gnoll.
The gnoll is heavily wounded.
The gnoll hits you with a +0 spear! The gnoll barely misses you. x2
You thump the gnoll!
You kill the gnoll!
Trog accepts your kill. The gnoll barely misses you.
The gnoll hits you but does no damage.
You closely miss the gnoll. The gnoll hits you with a +0 spear.
The gnoll barely misses you.
You are too injured to fight recklessly!
You are too injured to fight recklessly!
You are too injured to fight recklessly!
You are too injured to fight recklessly!
You are too injured to fight recklessly!
You are too injured to fight recklessly!
You are too injured to fight recklessly!
You closely miss the gnoll. The gnoll hits you with a +0 spear.
The gnoll hits you but does no damage. The gnoll misses you.
The gnoll barely misses you.
You closely miss the gnoll. Your punch misses the gnoll.
The gnoll hits you but does no damage. The gnoll hits you with a +0 spear.
* * * LOW HITPOINT WARNING * * *
You hit the gnoll but do no damage. The gnoll hits you with a +0 club.
* * * LOW HITPOINT WARNING * * *
The gnoll completely misses you.
You barely miss the gnoll.
The gnoll hits you but does no damage. x2
The gnoll attacks as you move away! The gnoll hits you with a +0 spear.
You die...

##.. .......# #.#..
....# ..###.## #.#..
#...
##......#####....
#..##..##......#
#..#
#............#####.#
#..####..[.........
#.......#######....
#..###### ####. #g@#
## #.)g# #...#
...#.# ..#.#.#
####.... ###.. #..


You could see 2 gnolls.

Vanquished Creatures
  Jessica (D:2)
  Natasha (twice) (D:2)
  A gnoll (D:3)
  An adder (D:2)
  A dart slug (D:2)
  5 ball pythons
  3 bats
  3 endoplasms
  3 giant cockroaches
  10 hobgoblins
  2 quokkas
  2 frilled lizards (D:2)
  3 goblins
  3 kobolds (D:2)
  4 rats
44 creatures vanquished.

Vanquished Creatures (others)
  2 plants (D:2)
2 creatures vanquished.

Grand Total: 46 creatures vanquished

Notes
Turn   | Place    | Note
-------+----------+-------------------------------------------
     0 | D:1      | NateTC the Gargoyle Berserker began the quest for the Orb.
     0 | D:1      | Reached XP level 1. HP: 14/14 MP: 1/1
   328 | D:1      | Reached XP level 2. HP: 17/20 MP: 2/2
  1135 | D:2      | Reached skill level 4 in Fighting
  1222 | D:2      | Reached XP level 3. HP: 24/24 MP: 3/3
  1363 | D:2      | Found a glowing golden altar of the Shining One.
  1400 | D:2      | Reached ** piety under Trog
  1422 | D:2      | Noticed Jessica
  1436 | D:2      | Killed Jessica
  1437 | D:2      | Reached XP level 4. HP: 18/30 MP: 4/4
  1823 | D:2      | Reached skill level 5 in Fighting
  1914 | D:2      | Found a faded altar of an unknown god.
  2036 | D:2      | Noticed Natasha
  2044 | D:2      | Killed Natasha
  2157 | D:2      | Noticed Natasha
  2163 | D:2      | Killed Natasha
  2164 | D:2      | Reached XP level 5. HP: 25/35 MP: 5/5
  2264 | D:3      | Slain by a gnoll

Illustrated notes

Levels and vault maps discovered:
D:1:      lightli_arrival_windingriver, layout_basic, nicolae_figureground_pulse
D:2:      layout_basic, shapermc_ecumenical_altar_acropolis, basic_altar,
          nicolae_concentric_dashed_squares_wild, uniq_jessica, uniq_natasha
D:3:      layout_rooms, chequers_serial_rivers_micro_d

Skill      XL: |  1  2  3  4 |
---------------+-------------+-----
Fighting       | 4 5 |  5.5
Dodging        | 2 |  2.7
Maces & Flails | |  3.0
Armour         | |  2.1

Action                     |  1- 3 |  4- 6 || total
---------------------------+-------+-------++-------
  Melee: Mace              |   122 |       ||   122
         Punch             |     1 |       ||     1
         Flail             |       |    26 ||    26
 Invoke: Berserk           |     1 |       ||     1
    Use: Scroll            |     5 |     1 ||     6
 Armour: Animal skin       |    20 |       ||    20
         Scale mail        |    38 |    17 ||    55
  Dodge: Dodged            |    77 |    23 ||   100

Table legend: (Time is in decaauts)
 A = Elapsed time spent in this place.
 B = Non-inter-level travel time spent in this place.
 C = Inter-level travel time spent in this place.
 D = Time resting spent in this place.
 E = Time spent auto-exploring this place.
 F = Levels seen in this place.
 G = Mean time per level.
                   A        B        C        D        E       F      G
               +--------+--------+--------+--------+--------+-----+--------+
         Total |   2325 |   2092 |    233 |    170 |   1562 |   3 |  775.0 |
       Dungeon |   2325 |   2092 |    233 |    170 |   1562 |   3 |  775.0 |
               +--------+--------+--------+--------+--------+-----+--------+

Top non-repeatable levels by time:
     D:1: 1147 daAuts
     D:2: 1124 daAuts
     D:3: 53 daAuts
